 Dungeon Crawl Stone Soup version 0.28.0-53-g5a82cb258f (webtiles) character file.

Game seed: 17703799514935933107

46 jiml777 the Magician (level 3, -1/19 HPs)
             Began as a Deep Elf Air Elementalist on June 16, 2022.
             Killed from afar by Sigmund (3 damage)
             ... with a magic dart
             ... on level 2 of the Dungeon.
             The game lasted 00:08:15 (1731 turns).

jiml777 the Magician (Deep Elf Air Elementalist)    Turns: 1731, Time: 00:08:15

Health: -1/19      AC:  4    Str:  5    XL:     3   Next: 44%
Magic:  0/10       EV: 13    Int: 21    God:
Gold:   66         SH:  0    Dex: 15    Spells: 8/9 levels left

rFire   . . .      SeeInvis .   g - staff of poison
rCold   . . .      Faith    .   (no shield)
rNeg    + . .      Spirit   .   a - +0 robe
rPois   +          Reflect  .   (no helmet)
rElec   .          Harm     .   i - +0 cloak
rCorr   .          Rampage  .   f - +0 pair of gloves {infuse}
Will    .....                   (no boots)
Stlth   ++........              (no amulet)
HPRegen 0.06/turn               h - ring of positive energy
MPRegen 0.12/turn               (no ring)

@: no status effects
A: no striking features
a: no special abilities


You were on level 2 of the Dungeon.
You visited 1 branch of the dungeon, and saw 2 of its levels.

You collected 66 gold pieces.

Inventory:

Hand Weapons
 e - a +0 short sword
Missiles
 b - 42 bolts
Armour
 a - a +0 robe (worn)
 f - a +0 pair of gloves of infusion (worn)
 i - a +0 cloak (worn)
Magical Staves
 g - a staff of poison (weapon)
Jewellery
 h - a ring of positive energy (left hand)
Scrolls
 d - a scroll of identify {unknown}


   Skills:
 + Level 0.1 Fighting
 + Level 0.3 Short Blades
 + Level 0.2 Staves
 + Level 2.7 Dodging
 + Level 2.5 Stealth
 + Level 3.7 Spellcasting
 + Level 1.3 Conjurations
 + Level 3.7 Air Magic


You had 8 spell levels left.
You knew the following spells:

 Your Spells              Type           Power      Damage    Failure   Level
a - Shock                 Conj/Air       56%        1d6       4%          1

Your spell library contained the following spells:

 Spells                   Type           Power      Damage    Failure   Level
 Static Discharge         Conj/Air       14%        N/A       7%          2
 Swiftness                Air            19%        N/A       8%          3
 Airstrike                Air            9%         N/A       26%         4


Dungeon Overview and Level Annotations

Branches:
Dungeon (2/15)

Altars:

Annotations:
D:2 Sigmund


Message History

Casting: Shock (safe; 4% risk of failure)
Confirm with . or Enter, or press ? or * to list all spells.
Aiming: Shock (safe; 4% risk of failure)
Press: ? - help, Shift-Dir - straight line The zap misses Sigmund. x2; Sigmund closely misses you.
Casting: Shock (safe; 4% risk of failure)
Confirm with . or Enter, or press ? or * to list all spells.
Aiming: Shock (safe; 4% risk of failure)
Press: ? - help, Shift-Dir - straight line The zap hits Sigmund.
Sigmund resists.
Sigmund is moderately wounded.
The zap misses Sigmund.
Unknown command.
Unknown command.
Unknown command.
Casting: Shock (safe; 4% risk of failure)
Confirm with . or Enter, or press ? or * to list all spells.
Aiming: Shock (safe; 4% risk of failure)
Press: ? - help, Shift-Dir - straight line The zap hits Sigmund.
Sigmund resists.
Sigmund is moderately wounded.
The zap hits Sigmund.
Sigmund resists.
Sigmund is heavily wounded.
Sigmund laughs darkly.
Sigmund barely misses you. Sigmund casts a spell at you.
The magic dart hits you!
Sigmund points at you and mumbles some strange words.
The magic dart hits you!
* * * LOW HITPOINT WARNING * * *
Casting: Shock (safe; 4% risk of failure)
Confirm with . or Enter, or press ? or * to list all spells.
Aiming: Shock (safe; 4% risk of failure)
Press: ? - help, Shift-Dir - straight line, f - Sigmund
Aim: Sigmund, wielding a +0 scythe and wearing a +0 robe (heavily wounded, unusually resistant, 68% to hit)
The zap misses Sigmund.
Sigmund says, "Don't worry, I'll kill you fast."
Sigmund points at you and mumbles some strange words.
The magic dart hits you.
You die...

#.....#.#
#....#.......)...
#.....#.#
###....##.....#####
#.....#.####
#......####........
#####......#
#......# #.#.#####
#......# #......#
#.#.# #......#
#......# #...#
###.#### #....@.#
#...# #.# #......#
#...# #.# #.@....#
#.#.## #.# #......#
#.#..#### .### #.#
#......# #.#......
...# #.# ########
#.#...### ...#####.#
#########.#.#.#
...##....#
#......##.#...#
...##....#
######......##.##..#
...##....#
#..............##..#
...##....#
#.####......##.....#


You could see Sigmund (resistant).

Vanquished Creatures
  2 adders (D:2)
  A ball python (D:1)
  2 endoplasms
  A giant cockroach (D:1)
  A goblin (D:2)
  6 hobgoblins
  4 jackals (D:2)
  A kobold (D:1)
  A quokka (D:1)
  2 bats (D:1)
  2 frilled lizards (D:1)
  A rat (D:1)
24 creatures vanquished.

Notes
Turn   | Place    | Note
-------+----------+-------------------------------------------
     0 | D:1      | jiml777 the Deep Elf Air Elementalist began the quest for
                  | the Orb.
     0 | D:1      | Reached XP level 1. HP: 10/10 MP: 6/6
   535 | D:1      | Reached XP level 2. HP: 15/15 MP: 5/8
  1251 | D:2      | Reached XP level 3. HP: 17/19 MP: 6/10
  1681 | D:2      | Noticed Sigmund
  1731 | D:2      | Killed from afar by Sigmund

Illustrated notes

Levels and vault maps discovered:
D:1:      eino_arrival_water_cross, layout_basic, hex_large,
          minmay_parallelograms
D:2:      layout_basic, uniq_sigmund

Action                   || total
-------------------------++-------
Melee: Staff             ||    10
       Short sword       ||     6
 Cast: Shock             ||    47
  Use: Potion            ||     1
Armor: Robe              ||     9
Dodge: Dodged            ||    29
